AoeStats
← KootH.

Nomad

506498701Analyzed
4v4 RM · 18d ago on Sep 13, 2026· 24m 15s· 8 players
Game mode
Random Map
Map size
231×231
Population
200
Speed
Normal
Resources
Standard
Victory
Conquest
Starting age
Dark Age
Ending age
Imperial Age
RankedLock teamsTeams togetherTeam positionsShared explorationLock speedFull tech treeHidden civsTurbo modeCheats
Victory
Defeat
🇺🇸 Koreans · United States
1590
+9
🇫🇷 Koreans · France
1519
+12
🇳🇱 Vietnamese · Netherlands
1484
+13
🇺🇸 Dravidians · United States
1422
+15
🇨🇴 Vietnamese · Colombia
1450
-13
🇮🇱 Persians · Israel
1427
-13
🇧🇷 Japanese · Brazil
1417
-12
🇲🇦 Bohemians · Morocco
1396
-11
KootH.
5:36 Loom
12:56 Feudal Age
16:43 Castle Age
15:17 Stone Mining
16:05 Double-Bit Axe
19:04 Bow Saw
18:52 Horse Collar
21:36 Demolition Ship
22:37 Medium Warships
Wavelogic
12:38 Feudal Age
11:29 Loom
16:12 Castle Age
14:52 Gold Mining
19:11 Horse Collar
22:04 Town Watch
22:54 Fletching
SeiyaPegasus
4:57 Loom
13:46 Feudal Age
17:56 Castle Age
15:51 Fishing Lines
16:39 Fletching
16:42 Double-Bit Axe
17:28 Gold Mining
18:32 Bodkin Arrow
18:56 Medium Warships
19:36 Bow Saw
20:45 Gillnets
20:49 Horse Collar
22:12 Wheelbarrow
No-One-Knows-Me
3:58 Loom
15:29 Feudal Age
Its Jskillz
9:14 Loom
14:05 Feudal Age
14:52 Double-Bit Axe
17:10 Fishing Lines
21:34 Castle Age
19:27 Stone Mining
21:03 Gold Mining
22:28 Medium Warships
22:54 Bow Saw
25:12 Wheelbarrow
[LMB] xvedejas
4:33 Loom
5:00 Loom
12:13 Feudal Age
14:33 Gold Mining
14:34 Double-Bit Axe
16:23 Fishing Lines
16:41 Horse Collar
20:34 Castle Age
19:49 Fletching
21:36 Medium Warships
21:17 Gillnets
21:42 Bow Saw
21:35 Heavy Plow
D3AGLEZ
6:57 Loom
12:32 Feudal Age
16:21 Castle Age
15:34 Fishing Lines
17:59 Loom
19:19 Double-Bit Axe
19:24 Fletching
22:52 Bow Saw
23:44 Bodkin Arrow
23:42 Horse Collar
JagWarrior
9:54 Loom
12:04 Feudal Age
16:22 Castle Age
15:34 Double-Bit Axe
15:41 Gold Mining
16:21 Fletching
18:38 Bodkin Arrow
Connection lost

Rejoining the realm…

Still unreachable

The connection could not be restored.

Session expired

The server has moved on; the page needs a fresh start.